 Dungeon Crawl Stone Soup version 0.32-a0-132-g2d33c3cfaf (webtiles) character file.

Game seed: 7111980299390823054

88 zeratav the Sneak (level 4, -1/29 HPs)
             Began as an Octopode Shapeshifter on Feb 10, 2024.
             Slain by an orc
             ... wielding a +0 dagger
              (4 damage)
             ... on level 3 of the Dungeon.
             The game lasted 00:02:02 (1918 turns).

zeratav the Sneak (Octopode Shapeshifter)           Turns: 1918, Time: 00:02:03

Health: -1/29      AC:  1    Str: 15    XL:     4   Next: 54%
Magic:  4/4        EV: 13    Int: 12    God:
Gold:   97         SH:  0    Dex: 11    Spells: 3/3 levels left

rFire   . .          .
                       - Unarmed
rCold   . . .        (no shield)
rNeg    . . .        (helmet currently unavailable)
rPois   .            (no amulet)
rElec   .            (no ring)
rCorr   .            (no ring)
SInv    .            (no ring)
Will    .....        (no ring)
Stlth   ++++         (no ring)
HPRegen 0.24/turn    (no ring)
MPRegen 0.09/turn    (no ring)
                     (no ring)

%: no passive effects
@: beast-form
A: beast (slay +1), almost no armour, amphibious, 8 rings, camouflage 1,
gelatinous body 1, (nimble swimmer 1), tentacles
a: Begin Untransformation


You were on level 3 of the Dungeon.
You were a hulking beast.
You visited 1 branch of the dungeon, and saw 3 of its levels.

You collected 97 gold pieces.


Innate Abilities, Weirdness & Mutations

You are a hulking beast.
Your limbs bulge with bestial killing power. (Slay +1)
You cannot wear most types of armour.
You are amphibious.
You can wear up to eight rings at the same time.
Your skin changes colour to match your surroundings (Stealth+).
Your rubbery body absorbs attacks. (AC +1, EV +1)
((You are camouflaged when in or above water. (Stealth+)))
You have tentacles for arms and can constrict up to eight enemies at once.


   Skills:
 + Level 2.2 Fighting
 - Level 2.0 Dodging
 - Level 5.0 Stealth
 - Level 3.0 Unarmed Combat
 - Level 3.0 Shapeshifting


You had 3 spell levels left.
You didn't know any spells.
Your spell library was empty.

Inventory:

Jewellery
 f - a ring of ice
   (You found it on level 2 of the Dungeon)
Talismans
 b - a beast talisman
 c - a flux talisman
Wands
 j - a wand of flame (4)
   (You found it on level 3 of the Dungeon)
Scrolls
 d - 4 scrolls of identify {unknown}
 g - 2 scrolls of teleportation {unknown}
 i - a scroll of blinking {unknown}
 k - a scroll of butterflies {unknown}
Potions
 a - 2 potions of lignification {!q}
 e - 2 potions of curing {unknown}
 h - a potion of might {unknown}

Dungeon Overview and Level Annotations

Branches:
Dungeon (3/15) Zot: 16086

Altars:
Wu Jian

##### ..... .....
..... ##### ######
#.####################
......
+..ooh..........).....
######
#+###################.
####### #. #.....# ##.
#.....###..
#.....##(.#
#.....#..## #.....#.##
#.......#


You could see 2 orcs.


Message History

You kill the bat!
No target in view!
No target in view!
No target in view!
No target in view!
No target in view!
No target in view!
No target in view!
No target in view!
No target in view!
No target in view!
You now have 97 gold pieces (gained 17).
Things that are here:
5 stones {throwing}; a +0 cloak You see here a +0 long sword {long}.
An orc comes into view. It is wielding a +0 trident.
The orc shouts!
An orc is nearby!
An orc is nearby!
An orc comes into view. It is wielding a +0 club.
An orc wizard comes into view. It is wielding a +0 dagger.
An orc comes into view. It is wielding a +0 dagger.
The orc misses you.
The orc wizard shouts!
The orc shouts!
You tentacle-slap the orc. You grab the orc. Your squeeze misses the orc.
You constrict the orc. The orc barely misses you.
You tentacle-slap the orc.
You kill the orc!
The orc wizard gestures wildly while chanting.
The orc wizard flickers and vanishes!
Deactivating autopickup; reactivate with Ctrl-A.
Something hits you.
Things that are here:
a +0 trident {polearm}; an orc corpse You miss something.
Something hits you.
HP[-5]
You take 5 damage, and now have 23/28 hp.
You tentacle-slap something but do no damage.
You barely miss something. Something hits you but does no damage.
You tentacle-slap something. Something hits you.
HP[-2]
You take 2 damage, and now have 21/28 hp.
You closely miss something. Something barely misses you.
You tentacle-slap something.
You hear some strange, mumbled words.
A puff of flame appears from out of thin air!
The puff of flame hits you.
HP[-6]
You take 6 damage, and now have 15/28 hp.
MASSIVE DAMAGE!! (PAUSE)
You miss something.
You hear some strange, mumbled words.
A puff of flame appears from out of thin air!
The puff of flame hits you!
* * * LOW HITPOINT WARNING * * *
HP[-7]
You take 7 damage, and now have 8/28 hp.
MASSIVE DAMAGE!! (PAUSE)
You barely miss something. Something hits you.
* * * LOW HITPOINT WARNING * * *
HP[-2]
You take 2 damage, and now have 6/28 hp.
You tentacle-slap something but do no damage.
Your squeeze misses something.
You hear some strange, mumbled words.
You are confused.
HP[+1]
You tentacle-slap something. Something hits you.
* * * LOW HITPOINT WARNING * * *
HP[-2]
You take 2 damage, and now have 5/28 hp.
You bump into the rock wall.
Something hits you.
* * * LOW HITPOINT WARNING * * *
HP[-2]
You take 2 damage, and now have 3/28 hp.
You closely miss something. Something hits you but does no damage.
You tentacle-slap something. Something hits you.
* * * LOW HITPOINT WARNING * * *
HP[-1]
You take 1 damage, and now have 2/28 hp.
You miss something.
You hear some strange, mumbled words.
Something tries to affect you, but you resist.
You bump into the rock wall.
You feel less confused.
You hear some strange, mumbled words.
A puff of flame appears from out of thin air!
The puff of flame misses you.
You tentacle-slap something.
You hear some strange, mumbled words.
Something tries to affect you, but you resist.
You tentacle-slap something.
Reactivating autopickup.
You feel a bit more experienced.
Your Fighting skill increases to level 2!
HP[+1]
You now have 29 max hp (+1).
You tentacle-slap the orc. Your grab misses the orc.
The orc hits you with a +0 dagger.
You die...

Skill      XL: |  1  2  3  4 |
---------------+-------------+-----
Stealth        | 2 3 5 |  5.0
Fighting       | 2 |  2.2
Dodging        | |  2.0
Unarmed Combat | |  3.0
Shapeshifting  | |  3.0

Action                     |  1- 3 |  4- 6 || total
---------------------------+-------+-------++-------
  Melee: Unarmed           |    90 |    23 ||   113
         Constrict         |    15 |     1 ||    16
         Tentacles         |    10 |       ||    10
         Punch             |     3 |       ||     3
   Stab: Sleeping          |    23 |     3 ||    26
 Armour: Skin              |    29 |    13 ||    42
  Dodge: Dodged            |    24 |     5 ||    29

Levels and vault maps discovered:
D:1:      wander_arrival_peaceful_grave, layout_loops_corners
D:2:      layout_loops_cross, basic_altar, ebering_dispersal_statue_hall,
          nicolae_twisty_statue_hallways
D:3:      layout_basic, uniq_pargi

Notes
Turn   | Place    | Note
-------+----------+-------------------------------------------
     0 | D:1      | zeratav the Octopode Shapeshifter began the quest for the
                  | Orb.
     0 | D:1      | Reached XP level 1. HP: 13/13 MP: 1/1
     0 | D:1      | magus.rc [v1.9.6]
    63 | D:1      | Reached skill level 1 in Stealth
   151 | D:1      | Reached skill level 2 in Stealth
   190 | D:1      | Reached XP level 2. HP: 12/18 MP: 2/2
   477 | D:1      | Reached skill level 3 in Stealth
   944 | D:2      | Reached XP level 3. HP: 23/23 MP: 3/3
   950 | D:2      | Reached skill level 4 in Stealth
  1137 | D:2      | Found an ornate altar of the Wu Jian Council.
  1432 | D:2      | Reached skill level 5 in Stealth
  1575 | D:2      | Reached XP level 4. HP: 28/28 MP: 4/4
  1908 | D:3      | HP: 6/28 [something (2)]
  1913 | D:3      | HP: 2/28 [something (2)]
  1918 | D:3      | Reached skill level 2 in Fighting
  1918 | D:3      | Slain by an orc

Vanquished Creatures
  An orc wizard (D:3)
  A dart slug (D:2)
  3 ribbon worms (D:2)
  An orc (D:3)
  3 bats
  7 endoplasms
  4 giant cockroaches
  5 goblins
  4 hobgoblins
  3 quokkas
  3 ball pythons
  7 frilled lizards
  7 kobolds
  2 rats
51 creatures vanquished.

Table legend:
 A = Non-vault XP
 B = Vault XP
 C = Vault XP percentage of total XP
 D = Non-vault monster count
 E = Vault monster count
 F = Vault count percentage of total count
                 A         B        C        D         E       F
            +---------+---------+-------+---------+---------+-------
      Total |     127 |       0 |   0.0 |      51 |       0 |   0.0
            +---------+---------+-------+---------+---------+-------
        D:1 |      33 |       0 |   0.0 |      21 |       0 |   0.0
        D:2 |      55 |       0 |   0.0 |      27 |       0 |   0.0
        D:3 |      39 |       0 |   0.0 |       3 |       0 |   0.0
            +---------+---------+-------+---------+---------+-------

Skill      XL: |  1  2  3  4 |
---------------+-------------+-----
Stealth        | 2 3 5 |  5.0
Fighting       | 2 |  2.2
Dodging        | |  2.0
Unarmed Combat | |  3.0
Shapeshifting  | |  3.0

Action                     |  1- 3 |  4- 6 || total
---------------------------+-------+-------++-------
  Melee: Unarmed           |    90 |    23 ||   113
         Constrict         |    15 |     1 ||    16
         Tentacles         |    10 |       ||    10
         Punch             |     3 |       ||     3
   Stab: Sleeping          |    23 |     3 ||    26
 Armour: Skin              |    29 |    13 ||    42
  Dodge: Dodged            |    24 |     5 ||    29

Illustrated notes

Table legend:
 A = Kills in this place as a percentage of kills in the entire game.
 B = Kills by you in this place as a percentage of kills by you in the entire game.
 C = Kills by friends in this place as a percentage of kills by friends in the entire game.
 D = Other kills in this place as a percentage of other kills in the entire game.
 E = Experience gained in this place as a percentage of experience gained in the entire game.
 F = Experience gained in this place divided by the number of levels of this place that you have seen.
                   A       B       C       D       E      F
               +-------+-------+-------+-------+-------+----------------------
         Total | 100.0 | 100.0 |   N/A |   N/A | 100.0 |  42.3
       Dungeon | 100.0 | 100.0 |   N/A |   N/A | 100.0 |  42.3
               +-------+-------+-------+-------+-------+----------------------

Table legend: (Time is in decaauts)
 A = Elapsed time spent in this place.
 B = Non-inter-level travel time spent in this place.
 C = Inter-level travel time spent in this place.
 D = Time resting spent in this place.
 E = Time spent auto-exploring this place.
 F = Levels seen in this place.
 G = Mean time per level.
                   A        B        C        D        E       F      G
               +--------+--------+--------+--------+--------+-----+--------+
         Total |   1912 |   1882 |     30 |     59 |   1510 |   3 |  637.3 |
       Dungeon |   1912 |   1882 |     30 |     59 |   1510 |   3 |  637.3 |
               +--------+--------+--------+--------+--------+-----+--------+

Top non-repeatable levels by time:
     D:1: 931 daAuts
     D:2: 786 daAuts
     D:3: 195 daAuts
